AoeStats
← Toblerone Order

African Clearing

506092075Analyzed
4v4 RM · 20d ago on Sep 12, 2026· 32m 17s· 8 players
Game mode
Random Map
Map size
Large (8 player)
Population
200
Speed
Normal
Resources
Standard
Victory
Conquest
Starting age
Dark Age
Ending age
Imperial Age
RankedLock teamsTeams togetherTeam positionsShared explorationLock speedFull tech treeHidden civsTurbo modeCheats
Victory
Defeat
🇭🇰 Wei · Hong Kong SAR China
1692
+8
🇹🇼 Vietnamese · Taiwan
1621
+11
🇦🇷 Japanese · Argentina
1572
+13
🇹🇼 Magyars · Taiwan
1539
+14
🇦🇺 Gurjaras · Australia
1541
-13
🇹🇷 Georgians · Türkiye
1540
-13
🇨🇳 Mapuche · China
1526
-12
1406
-8
QHB挂b户口本1页
7:02 Loom
12:44 Feudal Age
14:37 Double-Bit Axe
17:55 Horse Collar
20:55 Castle Age
23:32 Wheelbarrow
23:12 Bow Saw
33:53 Imperial Age
32:00 Husbandry
jwL
4:14 Loom
12:44 Feudal Age
12:50 Feudal Age
17:57 Castle Age
16:06 Double-Bit Axe
16:31 Horse Collar
17:39 Scale Barding Armor
19:45 Bow Saw
22:39 Husbandry
23:34 Town Watch
27:10 Fletching
28:02 Wheelbarrow
27:21 Elite Skirmisher
29:29 Gold Mining
29:34 Stone Mining
30:16 Bloodlines
30:34 Ballistics
Toblerone Order
5:33 Loom
12:49 Feudal Age
13:29 Double-Bit Axe
13:47 Gold Mining
15:33 Scale Barding Armor
16:12 Horse Collar
22:11 Castle Age
21:19 Scale Mail Armor
21:31 Stone Mining
22:13 Pikeman
25:01 Fletching
29:34 Bow Saw
[QHB] Noel Vermillion
10:27 Loom
13:39 Feudal Age
18:15 Castle Age
21:33 Fletching
23:23 Bodkin Arrow
快樂 543
5:04 Loom
14:06 Feudal Age
15:03 Double-Bit Axe
18:15 Castle Age
18:17 Fletching
18:27 Padded Archer Armor
19:06 Thumb Ring
21:18 Bodkin Arrow
23:41 Town Watch
24:55 Ballistics
25:19 Horse Collar
28:35 Fishing Lines
30:54 Bow Saw
31:36 Bloodlines
33:30 Wheelbarrow
绿油精点眼睛
11:46 Feudal Age
13:09 Double-Bit Axe
16:19 Loom
17:06 Horse Collar
22:00 Town Watch
25:47 Castle Age
23:49 Gold Mining
24:23 Scale Barding Armor
25:10 Bloodlines
25:00 Fishing Lines
25:54 Light Cavalry
26:35 Husbandry
27:52 Bow Saw
28:15 Stone Mining
29:33 Chain Barding Armor
29:54 Sanctity
29:03 Pikeman
Random Civ Pocket
10:47 Loom
12:53 Feudal Age
16:31 Castle Age
15:08 Double-Bit Axe
29:09 Scale Barding Armor
31:02 Wheelbarrow
30:12 Town Watch
31:54 Chain Barding Armor
amtiky
9:51 Loom
14:37 Feudal Age
18:26 Castle Age
18:12 Double-Bit Axe
18:55 Fishing Lines
19:10 Fletching
21:11 Bodkin Arrow
23:31 Horse Collar
25:58 Padded Archer Armor
27:53 Bow Saw
29:52 Heavy Plow
33:13 Wheelbarrow
33:11 Ballistics
Connection lost

Rejoining the realm…

Still unreachable

The connection could not be restored.

Session expired

The server has moved on; the page needs a fresh start.